Map: 2000 Atmospheres LE

Players

LiquidClem (Clem) - Winner!

  • Race: Terran Terran
  • League: Bronze

HAS

  • Race: Protoss Protoss

Event: TSL 7

VOD

Have the link to the VOD?

Description

Time

  • Played on: June 12, 2021, 11:15 a.m.
  • Length: 7:22

All games in this series

Show
View Real Time Build Order
Export as new Build Order

LiquidClem Terran - Winner!

Build Orders:  

Get SALT Encoding   

  12  0:00  SCV  
  13  0:12  SCV  
  14  0:17  Supply Depot  
  14  0:24  SCV  
  15  0:38  SCV  
  15  0:39  Barracks  
  16  0:43  Refinery  
  16  0:50  SCV  
  17  1:02  SCV  
  18  1:14  SCV  
  19  1:26  Reaper  
  19  1:27  Orbital Command  
  20  1:41  Supply Depot  
  20  1:52  SCV  
  21  1:58  Marine  
  22  2:04  Bunker  
  22  2:05  SCV, Factory  
  23  2:16  Marine  
  23  2:17  SCV  
  25  2:29  SCV  
  26  2:31  Bunker  
  26  2:34  Marine  
  26  2:36  Barracks  
  27  2:42  SCV  
  28  2:49  Factory Tech Lab, Supply Depot  
  28  2:55  Command Center  
  28  3:03  Engineering Bay  
  28  3:11  Cyclone  
  31  3:14  SCV  
  31  3:16  Marine  
  33  3:24  Marine  
  33  3:28  SCV  
  33  3:34  Marine  
  35  3:35  Supply Depot  
  35  3:38  Missile Turret  
  35  3:43  Cyclone  
  35  3:47  SCV  
  39  3:56  Marine x2  
  39  4:01  Barracks  
  41  4:04  SCV  
  42  4:12  Orbital Command  
  42  4:20  Cyclone  
  45  4:26  Bunker  
  45  4:28  Marine  
  45  4:29  Marine  
  47  4:35  SCV  
  48  4:45  Marine  
  48  4:46  Missile Turret  
  48  4:50  Marine x2  
  51  4:53  SCV  
  51  4:56  Missile Turret  
  51  5:03  Marine  
  52  5:08  Marine  
  52  5:12  Marine  
  54  5:20  Bunker  
  54  5:21  Marine  
  54  5:22  Missile Turret  
  55  5:29  Siege Tank  
  58  5:39  Marine  
  58  5:40  Marine  
  58  5:41  Marine  
  58  5:42  Supply Depot  
  61  5:55  Missile Turret  
  60  5:57  Marine  
  60  5:59  Marine  
  62  6:05  Missile Turret  
  62  6:08  Marine  
  62  6:15  Siege Tank  
  60  6:19  Marine  
  60  6:23  Marine  
  59  6:27  SCV x2  
  59  6:28  Marine  
  59  6:37  Marine  
  59  6:39  SCV  
  59  6:41  Marine  
  59  6:46  SCV  
  59  6:47  Barracks Tech Lab  
  61  6:51  SCV  
  65  6:54  Marine  
  65  6:58  SCV  
  67  7:01  Marine  
Show
View Real Time Build Order
Export as new Build Order

HAS Protoss 

Build Orders: Dark Templar Rush, Proxy Void Ray 

Get SALT Encoding   

  12  0:00  Probe  
  13  0:12  Probe  
  14  0:17  Pylon  
  14  0:24  Probe (Chrono Boost)  
  14  0:27  Assimilator  
  16  0:36  Probe (Chrono Boost)  
  16  0:42  Gateway  
  16  0:44  Probe (Chrono Boost)  
  17  0:54  Probe  
  18  0:57  Assimilator  
  18  1:06  Probe  
  19  1:17  Pylon  
  19  1:18  Probe  
  20  1:28  Cybernetics Core  
  20  1:30  Probe  
  21  1:40  Assimilator  
  21  1:42  Probe  
  24  1:54  Probe  
  25  2:05  Stargate  
  25  2:06  Probe, Adept (Chrono Boost)  
  25  2:10  Warp Gate  
  25  2:16  Shield Battery  
  25  2:22  Pylon  
  25  2:40  Twilight Council, Void Ray (Chrono Boost)  
  29  3:17  Dark Shrine  
  29  3:21  Pylon  
  29  3:28  Gateway  
  29  3:39  Gateway  
  29  3:41  Shield Battery x2  
  29  3:51  Void Ray (Chrono Boost)  
  29  3:53  Shield Battery  
  29  3:54  Shield Battery  
  33  4:26  Pylon  
  33  4:34  Dark Templar x2  
  37  4:49  Dark Templar  
  37  4:51  Probe  
  38  5:03  Probe  
  35  5:08  Stalker x2  
  39  5:14  Shield Battery x2  
  39  5:15  Probe  
  40  5:23  Sentry  
  42  5:31  Shield Battery  
  42  5:34  Stalker  
  44  5:44  Stalker  
  47  5:51  Adept  
  47  5:55  Shield Battery  
  48  5:59  Shield Battery  
  48  6:10  Stalker  
  48  6:11  Stalker  
  48  6:17  Stalker  
  48  6:18  Probe  
  48  6:36  Stalker x2  
  48  6:53  Pylon  
  48  6:59  Zealot x3  
Tags
 
Add a new tag
Caveats
  • Supply blocks, unpowered buildings, or Contaminate may cause inaccurate times.
  • Supply counts are checked every 10 seconds.